 Dungeon Crawl Stone Soup version 0.29.1-1-gd02db6906a (webtiles) character file.

Game seed: 14441932762155751299

324304 Ashen the Gelid (level 20, -25/155 HPs)
             Began as a Demonspawn Ice Elementalist on Sept 30, 2022.
             Was the Champion of Vehumet.
             Shot with a bolt by a yaktaur captain (40 damage)
             ... on level 5 of the Vaults on Oct 1, 2022.
             The game lasted 04:00:27 (59398 turns).

Ashen the Gelid (Demonspawn Ice Elementalist)      Turns: 59398, Time: 04:00:27

Health: -25/155    AC: 15    Str: 11    XL:     20   Next: 71%
Magic:  22/40      EV: 23    Int: 23    God:    Vehumet [******]
Gold:   514        SH:  5    Dex: 14    Spells: 2/51 levels left

rFire   + + .      SeeInvis +   e - +3 Elemental Staff {rElec rF++ rC++ AC+5}
rCold   + + +      Faith    .   (no shield)
rNeg    + + .      Spirit   .   M - +2 robe {Will+}
rPois   .          Reflect  +   (helmet unavailable)
rElec   +          Harm     .   C - +1 cloak {Stlth+}
rCorr   .          Rampage  .   Y - +0 pair of gloves of Efiunade {rC+}
Will    +++..                   x - +0 pair of boots
Stlth   +++++++...              Q - amulet "Woyruas" {Reflect rN++ Will+ SH+5}
HPRegen 5.35/turn               v - ring of Shadows {Umbra +Inv Stlth+}
MPRegen 0.27/turn               F - ring of wizardry

@: agile, on vortex cooldown, very slightly contaminated, slowed, wreathed by
umbra, invisible, very slow
A: antennae 3, thin metallic scales 1, powered by death 3, powered by pain 3
}: 2/15 runes: decaying, serpentine
a: Renounce Religion, Evoke Invisibility


You were on level 5 of the Vaults.
You worshipped Vehumet.
Vehumet was exalted by your worship.
You visited 6 branches of the dungeon, and saw 35 of its levels.
You also visited: Ossuary, Bailey and Gauntlet.

You collected 4411 gold pieces.
You spent 3897 gold pieces at shops.

Inventory:

Hand Weapons
 e - the +3 Elemental Staff (weapon) {rElec rF++ rC++ AC+5}
   (You acquired it on level 4 of the Snake Pit)

   If the wielder is skilled in Evocations, they can discharge powerful blasts
   of elemental energy when striking with it.
   It enhances your fire, ice, earth and air magic.
   AC:        It affects your AC (+5).
   rF:        It greatly protects you from fire.
   rC:        It greatly protects you from cold.
   rElec:     It insulates you from electricity.
 r - a +9 long sword of flaming
Missiles
 a - 8 javelins (quivered)
 z - 2 throwing nets
 Z - 8 silver javelins
Armour
 t - a +2 kite shield of fire resistance
 x - a +0 pair of boots (worn)
 C - a +1 cloak of stealth (worn)
 M - a +2 robe of willpower (worn)
 Y - the +0 pair of gloves of Efiunade (worn) {rC+}
   (You bought it in a shop on level 2 of the Orcish Mines)

   rC:        It protects you from cold.
Jewellery
 l - the ring of the Jackalope {rPois Str+4}
   (You found it in a Gauntlet)

   [ring of poison resistance]

   Str:       It affects your strength (+4).
   rPois:     It protects you from poison.
 v - the ring of Shadows (left hand) {Umbra +Inv Stlth+}
   (You found it in a Gauntlet)

   [ring of stealth]

   It surrounds you with an aura of shadow, increasing your stealth and reducing
   the accuracy of all others within it.
   +Inv:      It lets you turn invisible.
   Stlth:     It makes you more stealthy.
 y - an amulet of regeneration
 F - a ring of wizardry (right hand)
 J - a ring of willpower
 O - a ring of flight
 Q - the amulet "Woyruas" (around neck) {Reflect rN++ Will+ SH+5}
   (You bought it in a shop on level 4 of the Vaults)

   [amulet of reflection]

   It reflects blocked missile attacks.
   rN:        It greatly protects you from negative energy.
   SH:        It affects your SH (+5).
   Will:      It increases your willpower.
Wands
 m - a wand of charming (23)
 p - a wand of quicksilver (7)
 A - a wand of roots (14)
 G - a wand of digging (23)
Scrolls
 g - 19 scrolls of teleportation
 i - 10 scrolls of immolation
 k - 3 scrolls of torment
 q - 5 scrolls of fog
 H - 6 scrolls of fear
 K - 2 scrolls of summoning
 L - 8 scrolls of enchant armour
 N - 7 scrolls of poison
 S - a scroll of blinking
 T - 12 scrolls of magic mapping
 U - 2 scrolls of amnesia
 W - 5 scrolls of vulnerability
 X - 2 scrolls of brand weapon
Potions
 b - 3 potions of magic
 c - 7 potions of haste
 d - 5 potions of cancellation
 f - 5 potions of mutation
 j - 5 potions of might
 s - 6 potions of invisibility
 u - 2 potions of brilliance
 w - 3 potions of attraction
 B - 11 potions of ambrosia
 D - a potion of resistance
 E - 16 potions of curing
 I - 4 potions of lignification
 P - a potion of berserk rage
 V - 5 potions of flight
Miscellaneous
 h - a box of beasts
 n - a phial of floods
 R - a tin of tremorstones (2/2)


   Skills:
 + Level 12.7 Fighting
 - Level 5.0 Long Blades
 + Level 12.4 Dodging
 - Level 5.0 Stealth
 + Level 12.3 Shields
 - Level 16.0 Spellcasting
 + Level 13.4 Conjurations
 - Level 20.0 Ice Magic
 - Level 5.0 Air Magic
 - Level 5.0 Evocations


You had 2 spell levels left.
You knew the following spells:

 Your Spells              Type           Power      Damage    Failure   Level
a - Polar Vortex          Ice            52%        N/A       10%         9
b - Frozen Ramparts       Ice            100%       1d16      0%          3
c - Ozocubu's Armour      Ice            100%       N/A       0%          3
d - Hailstorm             Conj/Ice       97%        3d19      1%          4
e - Ozocubu's Refrigerat  Ice            52%        4d19      1%          7
f - Orb of Destruction    Conj           34%        9d10      1%          7
g - Fireball              Conj/Fire      32%        3d14      1%          5
h - Freezing Cloud        Conj/Ice/Air   54%        6-21      1%          5
i - Conjure Ball Lightni  Conj/Air       37%        3x3d12    1%          6

Your spell library contained the following spells:

 Spells                   Type           Power      Damage    Failure   Level
 Fire Storm               Conj/Fire      32%        8d8       100%        9
 Shatter                  Erth           13%        3d14*     100%        9
 Freeze                   Ice            100%       1d11      0%          1
 Apportation              Tloc           36%        N/A       1%          1
 Foxfire                  Conj/Fire      100%       2x1d9     1%          1
 Sandblast                Erth           54%        2d13      1%          1
 Shock                    Conj/Air       100%       1d9       1%          1
 Sting                    Tmut/Pois      72%        1d6       1%          1
 Ensorcelled Hibernation  Hex/Ice        100%       N/A       1%          2
 Passwall                 Tmut/Erth      22%        N/A       1%          2
 Poisonous Vapours        Pois/Air       88%        N/A       1%          2
 Scorch                   Fire           54%        2d8       1%          2
 Static Discharge         Conj/Air       74%        3-13/arc  1%          2
 Conjure Flame            Conj/Fire      65%        6-21      1%          3
 Dazzling Flash           Conj/Hex       98%        N/A       1%          3
 Inner Flame              Hex/Fire       27%        N/A       1%          3
 Stone Arrow              Conj/Erth      100%       3d13      1%          3
 Airstrike                Air            29%        2d(5-21)  1%          4
 Flame Wave               Conj/Fire      65%        2d15      1%          4
 Ice Form                 Ice/Tmut       77%        N/A       1%          4
 Iskenderun's Mystic Bla  Conj/Tloc      49%        2d11      1%          4
 Sticky Flame             Conj/Fire      65%        2d8       1%          4
 Summon Ice Beast         Ice/Summ       77%        N/A       1%          4
 Iskenderun's Battlesphe  Conj           69%        2d12      1%          5
 Lightning Bolt           Conj/Air       37%        1d55      1%          5
 Metabolic Englaciation   Hex/Ice        38%        N/A       1%          5
 Gell's Gravitas          Tloc           18%        N/A       3%          3
 Portal Projectile        Hex/Tloc       36%        N/A       3%          3
 Spider Form              Tmut/Pois      18%        N/A       3%          3
 Teleport Other           Tloc           18%        N/A       3%          3
 Tukima's Dance           Hex            18%        N/A       3%          3
 Olgreb's Toxic Radiance  Pois           18%        N/A       3%          4
 Simulacrum               Ice/Necr       38%        N/A       3%          6
 Starburst                Conj/Fire      32%        6d10      3%          6
 Summon Lightning Spire   Summ/Air       44%        N/A       4%          4
 Corpse Rot               Necr/Pois/Air  39%        N/A       6%          4
 Anguish                  Hex/Necr       9%         N/A       12%         4
 Cause Fear               Hex            9%         N/A       12%         4
 Dispel Undead            Necr           18%        3d11      12%         4
 Passage of Golubria      Tloc           18%        N/A       12%         4
 Petrify                  Tmut/Erth      27%        N/A       12%         4
 Silence                  Hex/Air        22%        N/A       12%         5
 Alistair's Intoxication  Tmut/Pois      12%        N/A       32%         5
 Blade Hands              Tmut           9%         N/A       32%         5
 Lehudib's Crystal Spear  Conj/Erth      32%        10d8      71%         8
 Dispersal                Tloc           9%         N/A       86%         6
 Statue Form              Tmut/Erth      18%        N/A       86%         6
 Summon Cactus Giant      Summ           9%         N/A       86%         6
 Dragon Form              Tmut           9%         N/A       100%        7
 Dragon's Call            Summ           9%         N/A       100%        9


Dungeon Overview and Level Annotations

Branches:
Dungeon (15/15)            Temple (0/1) D:6            Lair (5/5) D:10
  Swamp (4/4) Lair:3        Snake (4/4) Lair:2        Slime (0/5) Lair:4
    Orc (2/2) D:10            Elf (0/3) Orc:2        Vaults (5/5) D:14
  Crypt (0/3) Vaults:2     Depths (0/4) D:15        Ossuary (visited)
 Bailey (visited)         Gauntlet (visited)

Altars:
Hepliaklqana
Kikubaaqudgha
Makhleb
Nemelex Xobeh
Qazlal
Ru
Vehumet
Xom
Yredelemnul
Jiyva

Shops:
D:4 (   D:5 :   D:6 [*   D:10 [   Orc:2 [(([   Snake:2 !:(   Vaults:1 (
Vaults:4 =?

Portals:
Hell: Lair:5
Trove: D:13 (show slimy rune of Zot)

Annotations:
D:3 Grinder
D:14 2 runed translucent doors, 1 exclusion
Lair:3 2 transporters, exclusion: oklob plant, ZodNigurash's ghost, journeyman DjEE
Vaults:2 3 runed translucent doors, Yloucecuu's ghost, veteran SpEn


Innate Abilities, Weirdness & Mutations

You have a pair of large antennae on your head. (SInv)
You are partially covered in thin metallic scales. (AC +2)
You regenerate a lot of health from kills.
You are powered by pain.


Message History

An ogre mage comes into view. It is wielding a +0 club.
The yaktaur captain shoots a bolt.
The bolt hits you!!
* * * LOW HITPOINT WARNING * * *
You focus on the pain.
You feel agile all of a sudden.
You fade into invisibility!
You hear a shout! x8; You hear a horrible gurgling sound!
You hear a shout! x2
You hear a deafening roar!
You hear a shout!
You hear a horrible gurgling sound! x2; You hear a shout!
You hear a horrible gurgling sound!
The fire giant casts a spell at you.
The fireball explodes!
The fireball engulfs you! You resist.
* * * LOW HITPOINT WARNING * * *
The yaktaur captain shoots a bolt.
The bolt hits you!!
* * * LOW HITPOINT WARNING * * *
You focus on the pain.
You feel more agile all of a sudden.
Casting: Polar Vortex (dangerous; 10% risk of failure)
Confirm with . or Enter, or press ? or * to list all spells.
Okay, then.
Unknown command.
Press: ? - help, v - describe, . - travel
Here: a fire giant, wielding a +0 great sword of flaming (whirling frost, heavily wounded, umbra)
The floor.
Okay, then.
Casting: Polar Vortex (dangerous; 10% risk of failure)
Confirm with . or Enter, or press ? or * to list all spells.
You feel a surge of power!
The heat is drained from your surroundings.
The yaktaur captain is almost dead.
The fire giant is almost dead.
The ogre mage is severely wounded.
You kill the fire giant!
Vehumet accepts your kill.
You feel your power returning.
The winds around you start to calm down.
You float gracefully downwards.
The yaktaur captain shoots a bolt.
The bolt closely misses you.
A vault warden comes into view.
It is wielding a +1 great mace of protection.
The yaktaur captain shoots a bolt.
The bolt hits you!!!
You die...

#..#....#..
#..#....#.#
###..#.).!#.#
....c#§§§§#§###
{....§§§§§§§§..
#####.§§§§§§§#######
......§§§§§§§§§§§...
......§§§§§§§§§§§...
......§§§§§@§§§§§...
......§§§§§§§§§§§...
#####.§§§§§§§#######
...§§§O§§§§.
...p#§§§§#§§§.
###..#§§§§#§§§§.
#..#....#..###
#....#..#


You could see a vault warden, a yaktaur captain (unable to see you) and an ogre
mage.

Vanquished Creatures
  Mara (Vaults:2)
  Rupert (D:15)
  Jorgrun (D:14)
  6 sphinxes
  2 quicksilver dragons (Snake:4)
  3 thorn hunters
  2 tengu reavers
  Kirke (D:14)
  A fire giant (Vaults:5)
  A fenstrider witch (Swamp:3)
  A nagaraja (Snake:4)
  A frost giant (Vaults:5)
  Aizul (Snake:1)
  13 vault wardens
  2 orc warlords
  A stone giant (Vaults:5)
  2 war gargoyles (Vaults:4)
  15 ironbound preservers
  7 ironbound thunderhulks
  5 eleionomae
  A minotaur (Gauntlet)
  4 bunyips
  A deep elf death mage (Vaults:1)
  5 dire elephants
  Josephine (D:14)
  11 yaktaur captains
  7 great orbs of eyes
  A rakshasa (D:13)
  2 shambling mangroves (Swamp:4)
  A deep elf high priest (Vaults:5)
  6 salamander tyrants
  6 boulder beetles
  24 hydras
  3 ghost crabs
  A peacekeeper (Vaults:4)
  29 vault guards
  8 ironbound frosthearts
  11 anacondas
  10 centaur warriors
  A two-headed ogre (D:9)
  Erica (D:9)
  The ghost of EtherCrawl the Spear-Bearer, a novice MfBe of Trog (D:10)
  12 alligators
  A vampire mage (D:15)
  5 death yaks
  10 naga warriors
  2 orc high priests (Orc:2)
  8 shock serpents
  6 naga sharpshooters
  A spark wasp zombie (D:15)
  A golden dragon zombie (D:15)
  6 skeletal warriors
  A sixfirhy (Lair:5)
  3 salamander mystics (Snake:3)
  A deep troll (shapeshifter) (Gauntlet)
  4 goliath frogs
  2 glowing orange brains
  Lodul (D:12)
  47 deep trolls
  A swamp dragon (shapeshifter) (D:14)
  5 bog bodies
  8 naga ritualists
  6 spriggan druids
  A deep elf archer (D:14)
  12 wizards
  5 orc knights
  12 ironbound convokers
  12 swamp dragons
  3 deep elf zephyrmancers (D:14)
  3 necromancers
  3 lindwurms (Vaults:1)
  A harpy (Vaults:1)
  6 mana vipers
  A frost giant zombie (D:15)
  3 deep elf pyromancers (D:14)
  6 cyclopes
  2 orc sorcerers (Orc:2)
  A shadow dragon skeleton (D:15)
  31 ugly things
  A manticore (D:15)
  13 salamanders
  6 will-o-the-wisps
  7 elephants
  A human skeleton (Vaults:1)
  51 black mambas
  An ice statue (Lair:1)
  12 naga magi
  A smoke demon (Lair:5)
  19 vault sentinels
  2 stone giant skeletons
  3 centaur skeletons (D:14)
  11 guardian serpents
  A rust devil (Gauntlet)
  8 cane toads
  2 torpor snails
  An orange demon (Lair:5)
  2 unseen horrors
  2 yaktaur zombies
  Maggie (Lair:1)
  2 kobold demonologists (D:10)
  38 yaktaurs
  8 rime drakes
  13 komodo dragons
  3 red devils (Lair:5)
  A yaktaur skeleton (Vaults:2)
  3 ice devils
  A queen bee (D:10)
  A guardian mummy (D:15)
  A troll (shapeshifter) (D:14)
  A polar bear (shapeshifter) (D:14)
  3 polar bears
  6 tyrant leeches
  5 trolls
  Prince Ribbit (D:5)
  22 hornets
  30 slime creatures
  16 dream sheep
  26 blink frogs
  6 wraiths
  A culicivora (shapeshifter) (Gauntlet)
  21 spriggans
  A dire elephant simulacrum (Lair:1)
  An elf zombie (Vaults:2)
  A ynoxinul (Gauntlet)
  11 wyverns
  5 shadows
  2 hogs (D:14)
  52 yaks
  A basilisk (shapeshifter) (D:15)
  2 water elementals (D:13)
  A human (D:14)
  2 fire elementals (D:15)
  14 vampire mosquitoes
  4 basilisks
  4 steam dragons
  Grum (Lair:1)
  2 death yak simulacra (Lair:1)
  35 nagas
  A warg (Orc:2)
  2 acid dragons
  11 swamp worms
  19 water moccasins
  3 hell hounds (Lair:5)
  A glowing shapeshifter skeleton (Vaults:2)
  36 orc warriors
  8 swamp drakes
  A sky beast (D:7)
  An ice beast (D:8)
  An ettin simulacrum (Vaults:4)
  10 ogres
  A boggart (D:9)
  9 wolves
  21 centaurs
  2 phantoms (D:5)
  11 bullfrogs
  6 kobold brigands
  A gnoll sergeant (D:8)
  3 scorpions
  4 necrophages
  An ogre simulacrum (Vaults:1)
  7 wights
  2 troll zombies (Ossuary)
  24 killer bees (D:10)
  5 electric eels (D:13)
  3 howler monkeys
  3 centaur zombies (Ossuary)
  3 hounds
  9 jellies
  A gnoll bouda (D:5)
  29 orc priests
  2 iron imps (Gauntlet)
  Jessica (D:3)
  Ijyb (D:3)
  2 iguanas
  33 orc wizards
  Terence (D:3)
  A boggart skeleton (D:14)
  A polar bear simulacrum (Lair:1)
  2 troll simulacra (Lair:1)
  A wolf simulacrum (Lair:1)
  7 mummies (Ossuary)
  4 gnolls (D:5)
  2 naga simulacra (Lair:1)
  Robin (D:2)
  7 adders
  A shadow imp (D:7)
  4 white imps
  7 adder zombies (Ossuary)
  3 worms
  A worm (shapeshifter) (Gauntlet)
  4 dart slugs
  131 orcs
  7 endoplasms
  3 giant cockroaches
  16 goblins
  8 hobgoblins
  2 jackals (D:4)
  6 quokkas
  6 ball pythons
  3 bats
  5 frilled lizards
  5 goblin zombies (Ossuary)
  3 hobgoblin zombies (Ossuary)
  25 kobolds
  5 kobold zombies (Ossuary)
  2 quokka zombies (Ossuary)
  5 rats
  3 rat zombies (Ossuary)
  3 briar patches (Swamp:3)
1491 creatures vanquished.

Vanquished Creatures (collateral kills)
  A stone giant (Vaults:2)
  A yaktaur captain (Vaults:1)
  A skeletal warrior (D:14)
  A necromancer (Vaults:1)
  An ugly thing (Vaults:1)
  A frost giant skeleton (Vaults:1)
  A yaktaur zombie (Vaults:1)
  A yaktaur (Vaults:2)
  3 slime creatures (Vaults:2)
  A swamp worm (Swamp:4)
  An orc warrior (Bailey)
13 creatures vanquished.

Vanquished Creatures (others)
  An alligator (Swamp:3)
  A wizard (Vaults:4)
  A will-o-the-wisp (Swamp:3)
  A bloated husk (Swamp:3)
  An orc (D:8)
  21 ball lightnings
  20 foxfires
  28 fungi
  34 plants
  9 withered plants
117 creatures vanquished.

Grand Total: 1621 creatures vanquished

Notes
Turn   | Place    | Note
-------+----------+-------------------------------------------
     0 | D:1      | Ashen the Demonspawn Ice Elementalist began the quest for
                  | the Orb.
     0 | D:1      | Reached XP level 1. HP: 13/13 MP: 3/3
   267 | D:1      | Gained mutation: You regenerate a little health from kills.
                  | [demonic ancestry]
   267 | D:1      | Reached XP level 2. HP: 19/20 MP: 1/5
   903 | D:2      | Reached skill level 4 in Ice Magic
   903 | D:2      | Gained mutation: You regenerate health from kills. [demonic
                  | ancestry]
   903 | D:2      | Reached XP level 3. HP: 5/25 MP: 1/6
  1309 | D:2      | Noticed Robin
  1403 | D:2      | Killed Robin
  1404 | D:2      | Reached skill level 1 in Fighting
  1536 | D:2      | Gained mutation: You sometimes gain a little power by
                  | taking damage. [demonic ancestry]
  1536 | D:2      | Reached XP level 4. HP: 32/32 MP: 5/7
  2129 | D:3      | Found a radiant altar of Vehumet.
  2389 | D:3      | Became a worshipper of Vehumet
  2763 | D:3      | Noticed Ijyb
  2776 | D:3      | Killed Ijyb
  2885 | D:3      | Gained mutation: You sometimes gain power by taking damage.
                  | [demonic ancestry]
  2885 | D:3      | Reached XP level 5. HP: 37/37 MP: 7/9
  2923 | D:3      | Noticed Jessica
  2930 | D:3      | Killed Jessica
  3062 | D:3      | Noticed Terence
  3122 | D:3      | Killed Terence
  3480 | D:3      | Noticed Grinder
  3495 | D:3      | Paralysed by Grinder for 5 turns
  3514 | D:3      | Paralysed by Grinder for 4 turns
  3557 | D:4      | Reached XP level 6. HP: 36/44 MP: 3/11
  3793 | D:4      | Reached skill level 5 in Ice Magic
  3797 | D:4      | Learned a level 3 spell: Frozen Ramparts
  3801 | D:4      | Learned a level 3 spell: Ozocubu's Armour
  3806 | D:4      | Learned a level 4 spell: Hailstorm
  4168 | D:4      | Found Josefitu's Antique Weapon Shoppe.
  4564 | D:4      | Reached XP level 7. HP: 49/51 MP: 9/12
  4791 | D:5      | Entered Level 5 of the Dungeon
  4849 | D:5      | Found a sparkling altar of Nemelex Xobeh.
  5051 | D:5      | Found a sand-covered staircase.
  5182 | Ossuary  | Entered an ossuary
  5749 | Ossuary  | Reached * piety under Vehumet
  5749 | Ossuary  | Offered knowledge of Shock by Vehumet.
  6189 | Ossuary  | Learned a level 1 spell: Shock
  7094 | Ossuary  | Reached skill level 1 in Conjurations
  7094 | Ossuary  | Gained mutation: You are partially covered in thin metallic
                  | scales. (AC +2) [demonic ancestry]
  7094 | Ossuary  | Reached XP level 8. HP: 36/58 MP: 11/15
  7324 | D:5      | Reached skill level 6 in Ice Magic
  7470 | D:5      | Reached skill level 1 in Shields
  7470 | D:5      | Reached skill level 5 in Spellcasting
  7653 | D:5      | Noticed Prince Ribbit
  7663 | D:5      | Killed Prince Ribbit
  7930 | D:5      | Found Mawuufuatu's Book Shop.
  8299 | D:5      | Found a shimmering altar of Xom.
  8457 | D:6      | Offered knowledge of Poisonous Vapours by Vehumet.
  8458 | D:6      | Reached skill level 1 in Air Magic
  8499 | D:6      | Reached ** piety under Vehumet
  8550 | D:6      | Found Qoloh's Antique Armour Emporium.
  8558 | D:6      | Bought a shiny helmet for 180 gold pieces
  8655 | D:6      | Gained mutation: You regenerate a lot of health from kills.
                  | [demonic ancestry]
  8655 | D:6      | Reached XP level 9. HP: 65/65 MP: 10/17
  8733 | D:6      | Found a staircase to the Ecumenical Temple.
  8858 | D:6      | Found Rustrig's General Store.
  8866 | D:6      | Bought a scroll of brand weapon for 123 gold pieces
  9428 | D:7      | Identified a scroll of acquirement
  9536 | D:7      | Found a stormy altar of Qazlal.
  9747 | D:7      | Reached skill level 7 in Ice Magic
 10099 | D:8      | Offered knowledge of Conjure Flame by Vehumet.
 10121 | D:8      | Found a flagged portal.
 10179 | Bailey   | Entered a bailey
 10190 | Bailey   | Reached *** piety under Vehumet
 10239 | Bailey   | Reached skill level 5 in Stealth
 10351 | Bailey   | Noticed an orc knight
 10365 | Bailey   | Killed an orc knight
 10366 | Bailey   | Gained mutation: You have a pair of small antennae on your
                  | head. [demonic ancestry]
 10366 | Bailey   | Reached XP level 10. HP: 42/73 MP: 5/19
 10371 | Bailey   | Offered knowledge of Inner Flame by Vehumet.
 10556 | Bailey   | Reached skill level 5 in Conjurations
 11994 | D:8      | Reached skill level 5 in Fighting
 12115 | D:8      | Reached **** piety under Vehumet
 12177 | D:8      | Reached skill level 5 in Dodging
 12561 | D:9      | Offered knowledge of Stone Arrow by Vehumet.
 12569 | D:9      | Learned a level 3 spell: Stone Arrow
 12751 | D:9      | Reached skill level 8 in Ice Magic
 12860 | D:9      | Noticed a two-headed ogre
 12865 | D:9      | Killed a two-headed ogre
 13047 | D:9      | Reached XP level 11. HP: 77/80 MP: 20/22
 13307 | D:9      | Found a hazy altar of Hepliaklqana.
 13307 | D:9      | Found a sacrificial altar of Ru.
 13326 | D:9      | Found a faded altar of an unknown god.
 13332 | D:9      | Found a faded altar of an unknown god.
 13376 | D:9      | Noticed Erica
 13441 | D:9      | Killed Erica
 13789 | D:9      | Noticed a boulder beetle
 13804 | D:9      | Killed a boulder beetle
 14405 | D:10     | Entered Level 10 of the Dungeon
 14493 | D:10     | Noticed an orc knight
 14508 | D:10     | Killed an orc knight
 14508 | D:10     | Reached ***** piety under Vehumet
 14514 | D:10     | Offered knowledge of Fireball by Vehumet.
 14525 | D:10     | Learned a level 5 spell: Fireball
 14535 | D:10     | Found Zemuc's Armour Shoppe.
 14537 | D:10     | Found a staircase to the Orcish Mines.
 14800 | D:10     | Reached skill level 9 in Ice Magic
 14801 | D:10     | Noticed a sixfirhy
 14817 | D:10     | Found a runed translucent gate.
 14817 | D:10     | Found a runed translucent gate.
 14822 | D:10     | Found a runed translucent gate.
 14822 | D:10     | Noticed EtherCrawl's ghost (novice MfBe)
 14822 | D:10     | Noticed a great orb of eyes
 14825 | D:10     | Found a viscous altar of Jiyva.
 15000 | D:10     | Gained mutation: You have a pair of antennae on your head.
                  | [demonic ancestry]
 15000 | D:10     | Reached XP level 12. HP: 89/89 MP: 18/24
 15043 | D:10     | Found a staircase to the Lair.
 15396 | Orc:1    | Entered Level 1 of the Orcish Mines
 15653 | Orc:2    | Entered Level 2 of the Orcish Mines
 15839 | Orc:2    | Offered knowledge of Iskenderun's Mystic Blast by Vehumet.
 15840 | Orc:2    | Reached skill level 5 in Shields
 16307 | Orc:2    | Noticed an orc warlord
 16369 | Orc:2    | Noticed an orc high priest
 16374 | Orc:2    | Killed an orc high priest
 16584 | Orc:2    | Found a staircase to the Elven Halls.
 16614 | Orc:2    | Noticed an orc high priest
 16620 | Orc:2    | Reached skill level 5 in Air Magic
 16621 | Orc:2    | Killed an orc high priest
 16623 | Orc:2    | Found Iceinaz's Weapon Shoppe.
 16792 | Orc:2    | Found Vawaja's Armour Shop.
 17245 | Orc:2    | Killed an orc warlord
 17388 | Orc:2    | Found Demycatosu's Antique Weapon Shop.
 17401 | Orc:2    | Found Gamuy's Antique Armour Boutique.
 17418 | Orc:2    | Bought a pair of faintly glowing gloves for 190 gold pieces
 17418 | Orc:2    | Identified the +0 pair of gloves of Efiunade {rC+} (You
                  | bought it in a shop on level 2 of the Orcish Mines)
 17447 | Orc:2    | Reached skill level 10 in Ice Magic
 17947 | D:6      | Bought a potion of lignification for 39 gold pieces
 17947 | D:6      | Bought a scroll of identify for 26 gold pieces
 17947 | D:6      | Bought a scroll of enchant weapon for 97 gold pieces
 18092 | Orc:2    | Bought a runed cloak for 150 gold pieces
 18103 | Orc:2    | Bought a masterwork morningstar for 270 gold pieces
 18103 | Orc:2    | Identified the +1 morningstar of Quebavo {vorpal, rPois
                  | rCorr Int-4 Dex-3} (You bought it in a shop on level 2 of
                  | the Orcish Mines)
 18201 | Lair:1   | Entered Level 1 of the Lair of Beasts
 18201 | Lair:1   | Noticed an eight-headed hydra
 18217 | D:10     | Killed an eight-headed hydra
 18694 | Lair:1   | Noticed Maggie
 18702 | Lair:1   | Killed Maggie
 18705 | Lair:1   | Noticed Grum
 18714 | Lair:1   | Killed Grum
 18716 | Lair:1   | Gained mutation: You are powered by pain. [demonic
                  | ancestry]
 18716 | Lair:1   | Reached XP level 13. HP: 96/96 MP: 26/26
 18943 | Lair:1   | Reached skill level 10 in Spellcasting
 19026 | Lair:1   | Reached skill level 10 in Conjurations
 19779 | Lair:2   | Identified the +3 spear "Goinesic" {antimagic, rF++}
 19789 | Lair:2   | Offered knowledge of Freezing Cloud by Vehumet.
 19837 | Lair:2   | Learned a level 5 spell: Freezing Cloud
 19961 | Lair:2   | Found a staircase to the Snake Pit.
 20715 | Lair:3   | Found a gate leading to a gauntlet.
 20724 | Gauntlet | Entered a Gauntlet
 20724 | Gauntlet | Found a transporter.
 20724 | Gauntlet | Found a transporter.
 20728 | Gauntlet | Found a transporter.
 20728 | Gauntlet | Found a transporter.
 20738 | Gauntlet | Found a transporter.
 20740 | Gauntlet | Noticed a cacodemon
 20759 | Gauntlet | Found a transporter.
 20767 | Gauntlet | Found a transporter.
 20767 | Gauntlet | Found a transporter.
 20771 | Gauntlet | Found a transporter.
 20776 | Gauntlet | Found the ring of Shadows {Umbra +Inv Stlth+}
 20794 | Gauntlet | Found a transporter.
 20801 | Gauntlet | Found a transporter.
 20819 | Gauntlet | Found a transporter.
 20865 | Gauntlet | Found a transporter.
 20881 | Gauntlet | Found a transporter.
 20922 | Gauntlet | Noticed a spark wasp
 20922 | Gauntlet | an anaconda changed into a spark wasp
 20923 | Gauntlet | a spark wasp changed into a satyr
 20928 | Gauntlet | Noticed an ettin
 20928 | Gauntlet | a satyr changed into an ettin
 20931 | Gauntlet | an ettin changed into a tyrant leech
 20982 | Gauntlet | Found a transporter.
 20988 | Gauntlet | Noticed a blizzard demon
 20998 | Gauntlet | Found a transporter.
 21161 | Gauntlet | Identified the ring of the Jackalope {rPois Str+4}
 21255 | Gauntlet | Noticed a minotaur
 21267 | Gauntlet | Killed a minotaur
 21678 | Lair:3   | Found a transporter.
 21697 | Lair:3   | Found a staircase to the Swamp.
 21698 | Lair:3   | Identified the +0 robe of the Tundras {Harm rElec Int-5}
 21820 | Lair:3   | Found a runed translucent door.
 21842 | Lair:3   | Reached skill level 1 in Evocations
 21921 | Lair:3   | Noticed ZodNigurash's ghost (journeyman DjEE)
 21928 | Lair:3   | Found a transporter.
 22157 | Lair:4   | Reached skill level 11 in Ice Magic
 22387 | Lair:2   | Gained mutation: You have a pair of large antennae on your
                  | head. (SInv) [demonic ancestry]
 22387 | Lair:2   | Reached XP level 14. HP: 38/108 MP: 19/28
 22629 | Lair:4   | Offered knowledge of Conjure Ball Lightning by Vehumet.
 22648 | Lair:4   | Learned a level 6 spell: Conjure Ball Lightning
 22992 | Lair:4   | Found a staircase to the Slime Pits.
 23131 | Lair:5   | Entered Level 5 of the Lair of Beasts
 23787 | Lair:5   | Reached skill level 10 in Fighting
 24136 | Lair:5   | Reached skill level 12 in Ice Magic
 24275 | Lair:5   | Reached ****** piety under Vehumet
 24521 | Lair:5   | Found a burning altar of Makhleb.
 24682 | Lair:5   | Found a gateway to Hell.
 25004 | D:10     | Killed EtherCrawl's ghost
 25006 | D:10     | Offered knowledge of Orb of Destruction by Vehumet.
 25082 | D:11     | Reached skill level 5 in Evocations
 25749 | D:12     | Reached skill level 10 in Dodging
 25783 | D:12     | Noticed Lodul
 25796 | D:12     | Killed Lodul
 25881 | D:12     | Reached XP level 15. HP: 115/115 MP: 27/29
 26041 | D:12     | Identified the +0 tower shield of the Enchanting Gods {+Inv
                  | rF+}
 26231 | D:12     | Reached skill level 13 in Ice Magic
 26956 | D:13     | Found a portal to a secret trove of treasure.
 27703 | D:14     | Noticed Jorgrun
 27706 | D:14     | Killed Jorgrun
 27707 | D:14     | Noticed Kirke
 27717 | D:14     | Killed Kirke
 28378 | D:14     | Noticed Josephine
 28382 | D:14     | Killed Josephine
 28653 | D:14     | Found a gate to the Vaults.
 28717 | D:14     | Found the +2 shield of Resistance {rF++ rC++ Will++}
 28718 | D:14     | Found a runed translucent door.
 29109 | D:14     | Offered knowledge of Lee's Rapid Deconstruction by Vehumet.
 29711 | D:14     | Reached skill level 14 in Ice Magic
 29750 | D:14     | Found a runed translucent door.
 30424 | D:15     | Entered Level 15 of the Dungeon
 30970 | D:15     | Found a staircase to the Depths.
 31152 | D:15     | Noticed Rupert
 31241 | D:15     | Killed Rupert
 32345 | Swamp:1  | Entered Level 1 of the Swamp
 32387 | Swamp:1  | Reached XP level 16. HP: 122/122 MP: 6/31
 33015 | Swamp:1  | Reached skill level 15 in Ice Magic
 33346 | Swamp:1  | Noticed a thorn hunter
 33541 | Swamp:1  | Reached skill level 10 in Shields
 33739 | Swamp:1  | Killed a thorn hunter
 33965 | Swamp:2  | Reached skill level 1 in Long Blades
 34404 | Swamp:2  | Noticed a thorn hunter
 34428 | Swamp:1  | Killed a thorn hunter
 35110 | Swamp:2  | Reached skill level 5 in Long Blades
 35202 | Swamp:2  | Found the +3 salamander hide armour {Flames rF++ rC--}
 35634 | Swamp:2  | Offered knowledge of Ozocubu's Refrigeration by Vehumet.
 35643 | Swamp:2  | Learned a level 7 spell: Ozocubu's Refrigeration
 35872 | Swamp:3  | Noticed a thorn hunter
 35879 | Swamp:3  | Killed a thorn hunter
 37855 | Swamp:4  | Entered Level 4 of the Swamp
 39214 | Swamp:4  | Reached XP level 17. HP: 79/129 MP: 22/33
 40959 | Swamp:4  | Identified the +4 scale mail of Inviolability {rElec Str+4
                  | Stlth-}
 40963 | Swamp:4  | Got a decaying rune of Zot
 41339 | Snake:1  | Entered Level 1 of the Snake Pit
 41909 | Snake:1  | Noticed Aizul
 41921 | Snake:1  | Killed Aizul
 42347 | Snake:1  | Reached skill level 16 in Ice Magic
 43265 | Snake:2  | Found Wycuzant's Distillery.
 43282 | Snake:2  | Bought a potion of curing for 33 gold pieces
 43282 | Snake:2  | Bought a potion of lignification for 33 gold pieces
 43282 | Snake:2  | Bought a potion of heal wounds for 55 gold pieces
 43282 | Snake:2  | Bought a potion of curing for 33 gold pieces
 43282 | Snake:2  | Bought a potion of curing for 33 gold pieces
 43389 | Snake:2  | Found Rexiguz's Book Emporium.
 43753 | Snake:2  | Bought a book of the Spheres for 1080 gold pieces
 43761 | Snake:2  | Learned a level 7 spell: Orb of Destruction
 44075 | Snake:2  | Found Jonics's Weapon Shoppe.
 45161 | Snake:3  | Offered knowledge of Fire Storm by Vehumet.
 45161 | Snake:3  | Offered knowledge of Shatter by Vehumet.
 45161 | Snake:3  | Offered knowledge of Polar Vortex by Vehumet.
 46387 | Snake:4  | Entered Level 4 of the Snake Pit
 46555 | Snake:4  | Reached XP level 18. HP: 138/138 MP: 16/35
 47414 | Snake:4  | Reached skill level 17 in Ice Magic
 47674 | Snake:4  | Got a serpentine rune of Zot
 47997 | Snake:4  | Acquired the +3 Elemental Staff {rElec rF++ rC++ AC+5}
 47997 | Snake:4  | Found the +3 Elemental Staff {rElec rF++ rC++ AC+5}
 48996 | Vaults:1 | Entered Level 1 of the Vaults
 49088 | Vaults:1 | Reached skill level 15 in Spellcasting
 49458 | Vaults:1 | Reached skill level 18 in Ice Magic
 49949 | Vaults:1 | Found Acoqugou's Weapon Shoppe.
 50506 | Vaults:1 | Acquired a book of Winter
 51164 | Vaults:1 | Reached XP level 19. HP: 144/144 MP: 2/38
 52007 | Vaults:1 | Reached skill level 19 in Ice Magic
 52839 | Vaults:2 | Found a staircase to the Crypt.
 52839 | Vaults:2 | Found a basalt altar of Yredelemnul.
 52840 | Vaults:2 | Found an ancient bone altar of Kikubaaqudgha.
 52864 | Vaults:2 | Noticed Mara
 52881 | Vaults:2 | Killed Mara
 54533 | Vaults:2 | Found a runed translucent gate.
 54533 | Vaults:2 | Found a runed translucent gate.
 54533 | Vaults:2 | Found a runed translucent gate.
 54533 | Vaults:2 | Noticed Yloucecuu's ghost (veteran SpEn)
 55126 | Vaults:3 | Identified the +3 chain mail "Ikululel" {Str+2 Int+2
                  | Slay-2}
 55467 | Vaults:3 | Learned a level 9 spell: Polar Vortex
 56072 | Vaults:3 | Reached skill level 20 in Ice Magic
 57699 | Vaults:4 | Reached XP level 20. HP: 137/151 MP: 40/40
 58245 | Vaults:4 | Identified the +4 bardiche "Vipamm" {spect, rC- rCorr
                  | Str+2}
 58464 | Vaults:4 | Found Nallutai's Jewellery Emporium.
 58525 | Vaults:4 | Bought the amulet "Woyruas" {Reflect rN++ Will+ SH+5} for
                  | 955 gold pieces
 59064 | Vaults:4 | Found Tofukux's Magic Scroll Shoppe.
 59072 | Vaults:4 | Bought a scroll of teleportation for 48 gold pieces
 59072 | Vaults:4 | Bought a scroll of amnesia for 64 gold pieces
 59072 | Vaults:4 | Bought a scroll of vulnerability for 64 gold pieces
 59072 | Vaults:4 | Bought a scroll of teleportation for 48 gold pieces
 59072 | Vaults:4 | Bought a scroll of immolation for 64 gold pieces
 59072 | Vaults:4 | Bought a scroll of teleportation for 48 gold pieces
 59072 | Vaults:4 | Bought a scroll of torment for 152 gold pieces
 59072 | Vaults:4 | Bought a scroll of teleportation for 48 gold pieces
 59072 | Vaults:4 | Bought a scroll of vulnerability for 64 gold pieces
 59284 | Vaults:5 | Entered Level 5 of the Vaults
 59397 | Vaults:5 | HP: 7/155 [yaktaur captain/bolt (18)]
 59398 | Vaults:5 | Shot with a bolt by a yaktaur captain

Illustrated notes

Levels and vault maps discovered:
D:1:      dpeg_arrival_rooms_c, layout_rooms
D:2:      layout_rooms, minmay_misc_feat_rows, uniq_robin
D:3:      layout_basic, vehumet_crystals, ebering_ecumenical_altar_abandoned,
          uniq_grinder, uniq_jessica, uniq_ijyb, uniq_terence
D:4:      layout_layer_cave, serial_shops, nicolae_shop_statue_plus,
          serial_rivers, chequers_serial_rivers_room_a,
          chequers_serial_rivers_micro_a, chequers_serial_rivers_micro_d,
          chequers_serial_rivers_room_a, chequers_serial_rivers_micro_a,
          lemuel_flame_loot_1
D:5:      layout_gridville, mainiacjoe_overflow_cross_hatched, tgw_xom,
          nicolae_ossuary_entry_false_entrances, serial_shops, shop,
          dreamdust_wishing_well, minivault_14, chequers_serial_rivers_micro_d,
          uniq_prince_ribbit1
D:6:      minmay_spotlight, layout_gridville, minmay_temple_entry_waves,
          serial_shops, nicolae_shop_overgrown_old_shop, shop_fountains
D:7:      layout_cave_pools, grunt_qazlal_clouds
D:8:      minmay_clustersquares, layout_layer_cave, enter_bailey_3
D:9:      nzn_winding_woodlands_medium [nzn_winding_woodlands_5x5_cross,
          nzn_winding_woodlands_5x15_concentric,
          nzn_winding_woodlands_5x5_open_star,
          nzn_winding_woodlands_5x5_closed_star,
          nzn_winding_woodlands_center_diamonds,
          nzn_winding_woodlands_5x5_perimeter, nzn_winding_woodlands_hourglass,
          nzn_winding_woodlands_5x15_lazy_stream,
          nzn_winding_woodlands_5x5_default], layout_loops_corners,
          tso_metal_star, chequers_temple_overflow_minitemple, corner_web_ring,
          uniq_erica
D:10:     layout_roguey [special_room_bee], david_lair_shrubbed, orc_david_3,
          gammafunk_ghost_ooze
D:11:     layout_rooms
D:12:     layout_irregular_city, uniq_lodul
D:13:     layout_basic, enter_trove_0
D:14:     layout_layer_cave, hangedman_vaults_entry_quadrant_bands,
          grunt_decor_resistance, minmay_guarded_unrand_resistance,
          uniq_jorgrun, uniq_josephine, uniq_kirke
D:15:     gammafunk_depths_entry_grave, layout_basic, hangedman_decor_push,
          uniq_rupert
Lair:1:   dreamdust_isle_of_ice, layout_misc_corridors, special_room,
          uniq_maggie, uniq_grum
Lair:2:   layout_roguey, guppyfry_snake_entry_garden
Lair:3:   beast_lair_carwin_large_2, layout_loops_ring, swamp_mist,
          nzn_ghost_randoct, gauntlet_entry_generic, pf_torpor_hydra
Lair:4:   layout_long_grid, minmay_slime_entry_pillars
Lair:5:   evil_forest, layout_regular_city, infiniplex_staircase_pool_2
Swamp:1:  layout_basic_swamp, evilmike_swamp_ruin_house_4
Swamp:2:  layout_basic_swamp, nicolae_swamp_triple_paths,
          infiniplex_staircase_pool
Swamp:3:  layout_basic_swamp, hangedman_swamp_ruin_wall
Swamp:4:  swamp, layout_basic_swamp
Snake:1:  nrook_guardian_serpent_snake_passage, layout_basic, uniq_aizul
Snake:2:  layout_honeycomb, serial_shops, nicolae_shop_stone,
          nicolae_stop_n_shop_1, nicolae_shop_advertising_works
          [nicolae_subvault_shop_adworks]
Snake:3:  nicolae_snake_crotalidae_crossing, layout_gridlike
Snake:4:  hellmonk_snake_rune_quicksilver_temple, layout_cave_town,
          minmay_snake_pond
Orc:1:    layout_caves
Orc:2:    grunt_orc_community_town_hall, layout_caves,
          grunt_orc_community_big_house_1, grunt_orc_community_big_house_1,
          grunt_orc_community_house_1, grunt_orc_community_house_1,
          grunt_orc_community_house_3, grunt_orc_community_house_3,
          grunt_orc_community_house_3
Vaults:1: v_misc_26, grunt_vaults_hallway_short,
          nicolae_vaults_stairing_the_circle, ontoclasm_vaults_spin,
          nicolae_vaults_fighting_squares, nicolae_vaults_border_crossing,
          v_alt_pattern_5, dpeg_vaults_monster_row, nicolae_vaults_asterisk,
          nicolae_vaults_little_squares_5, nicolae_vaults_diagonal_hallway_8,
          v_misc_22, vaults_dpeg_spiral, v_misc_16, layout_vaults_omnibox,
          serial_shops, nicolae_shop_window_shopping
Vaults:2: ebering_ghost_rock_garden, vaults_room_pool,
          vaults_standard_mumra_enter_the_diamond, v_misc_13, v_alt_pattern_1,
          ontoclasm_vaults_ring_large, minmay_crypt_entry_necro_gods,
          nicolae_vaults_alarming, v_rooms_2, vaults_room_stairs_pillars,
          nicolae_vaults_little_squares_3, ontoclasm_vaults_chip,
          layout_vaults_maze_snakey, uniq_mara
Vaults:3: v_alt_pattern_4, ontoclasm_vaults_ring_small, vaults_mumra_minichess,
          nicolae_vaults_network_barrier, v_alt_pattern_1,
          layout_vaults_quadrants
Vaults:4: nicolae_vaults_arrows, vaults_room_fancy_cross, vaults_room_hallway,
          ontoclasm_vaults_shout, v_misc_33, vaults_dpeg_ring,
          vaults_room_mumra_shop_pool, vaults_mumra_minichess_inversion,
          ontoclasm_vaults_hangar, ontoclasm_vaults_ring_large,
          vaults_room_stairs_pillars, v_misc_9, nicolae_vaults_little_squares_2,
          layout_vaults_big_room, serial_shops, shop
Vaults:5

Skill      XL: |  1  2  3  4  5  6  7  8  9 10 11 12 13 14 15 16 17 18 19 20 |
---------------+-------------------------------------------------------------+-----
Stealth        | 2 3 4 5 |  5.0
Dodging        | 2 3 4 5 6 7 8 10 11 12 | 12.4
Ice Magic      | 4 5 6 7 8 9 10 11 12 14 15 16 18 20 | 20.0
Fighting       | 1 2 3 4 5 6 7 9 10 11 12 | 12.7
Spellcasting   | 3 4 5 6 7 8 9 10 11 12 13 15 16 | 16.0
Conjurations   | 1 3 4 6 7 9 10 12 13 | 13.4
Shields        | 1 2 3 4 5 6 7 9 10 11 12 | 12.3
Air Magic      | 1 2 3 4 5 |  5.0
Evocations     | 2 5 |  5.0
Long Blades    | 5 |  5.0

Action                   |  1- 3 |  4- 6 |  7- 9 | 10-12 | 13-15 | 16-18 | 19-21 || total
-------------------------+-------+-------+-------+-------+-------+-------+-------++-------
Melee: Unarmed           |    36 |     9 |       |       |       |       |       ||    45
       Punch             |     4 |     1 |       |       |       |       |     4 ||     9
       Dagger            |       |    77 |   323 |       |       |       |       ||   400
       Long sword        |       |       |   153 |   310 |   509 |   107 |       ||  1079
       Staff             |       |       |       |       |    19 |    88 |   228 ||   335
Throw: Dart              |       |       |    15 |    44 |     6 |       |       ||    65
 Cast: Freeze            |    57 |   106 |    80 |    67 |    82 |    16 |       ||   408
       Ozocubu's Armour  |       |       |    41 |    33 |    69 |    21 |    24 ||   188
       Frozen Ramparts   |       |       |    18 |    38 |    48 |     6 |    14 ||   124
       Hailstorm         |       |       |     4 |    65 |    64 |     7 |     4 ||   144
       Stone Arrow       |       |       |       |    60 |   129 |   160 |       ||   349
       Shock             |       |       |       |    15 |     1 |       |       ||    16
       Fireball          |       |       |       |    12 |    37 |    24 |       ||    73
       Freezing Cloud    |       |       |       |       |    86 |    25 |    15 ||   126
       Ozocubu's Refrige |       |       |       |       |       |   390 |   143 ||   533
       Orb of Destructio |       |       |       |       |       |     6 |    42 ||    48
       Conjure Ball Ligh |       |       |       |       |       |     7 |     1 ||     8
       Polar Vortex      |       |       |       |       |       |       |    18 ||    18
 Abil: Evoke Invisibilit |       |       |       |       |     1 |       |     1 ||     2
Evoke: Wand              |       |       |     4 |     4 |     8 |    11 |     5 ||    32
       Tin of tremorston |       |       |       |     2 |       |     4 |       ||     6
       Box of beasts     |       |       |       |       |     2 |     2 |     1 ||     5
       Phial of floods   |       |       |       |       |       |     1 |       ||     1
  Use: Scroll            |       |     4 |    18 |     8 |    12 |     9 |     1 ||    52
       Potion            |       |     2 |     6 |     3 |     3 |     8 |     3 ||    25
 Stab: Sleeping          |     2 |     3 |     8 |     6 |    26 |     9 |     4 ||    58
       Distracted        |       |       |       |     1 |       |     1 |       ||     2
       Fleeing           |       |       |       |       |       |     1 |       ||     1
Armor: Robe              |     5 |       |       |   105 |   295 |   115 |   112 ||   632
       Leather armour    |    10 |    57 |   259 |    68 |       |       |       ||   394
       Skin              |       |       |    28 |       |       |       |       ||    28
Dodge: Dodged            |    51 |    88 |   314 |   316 |   678 |   236 |   197 ||  1880
Block: Buckler           |       |    15 |   111 |   118 |   330 |   125 |       ||   699
       Reflection        |       |       |       |       |    17 |    28 |    14 ||    59
       Kite shield       |       |       |       |       |       |   138 |   187 ||   325
       Other             |       |       |       |       |       |       |    37 ||    37
